 Dungeon Sprint DCSS version 0.27-a0-1181-g5f64966fcc (webtiles) character file.

Game seed: 1413170435166243825

509 Zeld the Reanimator (level 7, 0/51 HPs)
             Began as an Octopode Necromancer on May 17, 2021.
             Was a Believer of Sif Muna.
             Slain by a tarantella (10 damage)
             ... in the Dungeon (Sprint V: "Ziggurat Sprint").
             The game lasted 00:01:52 (266 turns).

Zeld the Reanimator (Octopode Necromancer)           Turns: 266, Time: 00:01:52

Health: 0/51       AC:  1    Str:  8    XL:     7   Next: 19%
Magic:  14/15      EV: 15    Int: 31    God:    Sif Muna [**....]
Gold:   0          SH:  0    Dex: 12    Spells: 3/17 levels left

rFire    . . .     SeeInvis .   (no weapon)
rCold    . . .     Faith    .   (no shield)
rNeg     . . .     Spirit   .   (helmet restricted)
rPois    .         Reflect  .   (no amulet)
rElec    .         Harm     .   s - +6 ring of intelligence
rCorr    .         Rampage  .   t - +6 ring of intelligence
Will     .....     NoTele   +   (no ring)
Stlth    +++.......             (no ring)
HPRegen  0.17/turn              (no ring)
MPRegen  0.14/turn              (no ring)
                                (no ring)
                                (no ring)

@: no status effects
A: almost no armour, amphibious, 8 rings, camouflage 1, gelatinous body 1,
(nimble swimmer 1), tentacles
a: Renounce Religion, Channel Magic


You were in the Dungeon.
You worshipped Sif Muna.
Sif Muna was pleased with you.
You visited 1 branch

Inventory:

Jewellery
 s - a +6 ring of intelligence (left tentacle)
 t - a +6 ring of intelligence (right tentacle)
Wands
 j - a wand of mindburst (7)
 r - a wand of acid (7)
Scrolls
 g - 4 scrolls of blinking
 l - 4 scrolls of amnesia
 m - 7 scrolls of fog
 n - a scroll of holy word
 o - 5 scrolls of identify
 p - 2 scrolls of fear
Potions
 a - 2 potions of brilliance
 b - 7 potions of curing
 c - 8 potions of heal wounds
 d - 6 potions of haste
 e - 7 potions of magic
 f - 3 potions of berserk rage
 h - 2 potions of invisibility
 i - 4 potions of resistance
 k - 5 potions of might
Miscellaneous
 u - a lightning rod (4/4)
 v - a box of beasts


   Skills:
 + Level 5.9 Fighting
 + Level 6.2 Dodging
 - Level 2.6 Stealth
 + Level 5.8 Spellcasting
 * Level 9.6 Necromancy
 * Level 7.6 Invocations


You had 3 spell levels left.
You knew the following spells:

 Your Spells              Type           Power      Damage    Failure   Level
a - Pain                  Necr           100%       1d9       1%          1
b - Animate Skeleton      Necr           100%       N/A       1%          1
c - Vampiric Draining     Necr           31%        2d10      1%          3
d - Animate Dead          Necr           31%        N/A       1%          4
e - Agony                 Necr           62%        N/A       2%          5

Your spell library contained the following spells:

 Spells                   Type           Power      Damage    Failure   Level


Dungeon Overview and Level Annotations

Branches:
Dungeon (1/1)

Altars:
Ashenzari
Cheibriados
Dithmenos
Elyvilon
Fedhas
Gozag
Hepliaklqana
Kikubaaqudgha
Makhleb
Nemelex Xobeh
Okawaru
Qazlal
Ru
Sif Muna
Trog
Uskayaw
Vehumet
Wu Jian
Xom
Yredelemnul
Zin
The Shining One
Beogh
Jiyva
Lugonu

Annotations:
D 1 transporter


Innate Abilities, Weirdness & Mutations

You cannot wear most types of armour.
You are amphibious.
You can wear up to eight rings at the same time.
Your skin changes colour to match your surroundings (Stealth+).
Your rubbery body absorbs attacks. (AC +1, EV +1)
((You are camouflaged near water. (Stealth+)))
You have tentacles for arms and can constrict up to eight enemies at once.


Message History

You feel much better.
You feel very sick. The scorpion misses you. The tarantella closely misses you.
The tarantella misses you.
Unknown command.
Aiming: Thunderbolt
Press: ? - help, Shift-Dir - straight line, p - scorpion The thunderbolt hits the scorpion!
You kill the scorpion!
Sif Muna accepts your kill.
You feel very sick. The tarantella bites you. The tarantella misses you.
The tarantella barely misses you. The tarantella bites you.
* * * LOW HITPOINT WARNING * * *
Your lightning rod (4/4) has regained one charge.
You feel much better.
You feel sick. The tarantella misses you. x2
You feel better. The tarantella bites you!
You are confused.
The tarantella bites you! The tarantella misses you.
The tarantella completely misses you.
You are too confused!
You tentacle-slap the tarantella but do no damage.
Your squeeze misses the tarantella.
The tarantella is moderately wounded.
The tarantella bites you. The tarantella bites you!
* * * LOW HITPOINT WARNING * * *
You bump into the unnaturally hard rock wall.
The tarantella bites you.
* * * LOW HITPOINT WARNING * * *
You are more confused.
The tarantella bites you but does no damage.
The tarantella bites you.
* * * LOW HITPOINT WARNING * * *
The tarantella barely misses you.
Press: ? - help, v - describe, . - travel, g - get item
Here: a tarantella (moderately wounded) Item here: a tarantella corpse.
The floor.
You feel better. The tarantella bites you!
You die...

▓▓▓▓▓▓▓▓▓▓▓▓▓▓▓▓▓▓▓
▓.8©8.▓.8©8.▓.8©8.▓
▓.})=.▓.))).▓.....▓
▓..[..▓.....▓.=...▓
▓.....▓.....▓.....▓
▓.....▓.....▓.....▓
▓..ss.▓.....▓..©..▓
▓..@..▓..©..▓▓▓▓▓▓▓
▓▓▓▓▓▓▓▓▓▓▓▓▓


You could see 2 tarantellas.

Vanquished Creatures
  A tarantella (D)
  A necrophage (D)
  3 phantoms (D)
  A scorpion (D)
  A bat skeleton (D)
7 creatures vanquished.

Notes
Turn   | Place    | Note
-------+----------+-------------------------------------------
     0 | D        | Zeld the Octopode Necromancer began the quest for the Orb.
     0 | D        | Reached XP level 1. HP: 11/11 MP: 3/3
     0 | D        | Found a shimmering blue altar of Sif Muna.
     0 | D        | Found a bloodstained altar of Trog.
     0 | D        | Found a sacrificial altar of Ru.
     0 | D        | Found a stormy altar of Qazlal.
     0 | D        | Found an iron altar of Okawaru.
     1 | D        | Found a sparkling altar of Nemelex Xobeh.
     1 | D        | Found a blossoming altar of Fedhas.
     2 | D        | Found the +6 Majin-Bo {vamp, MP+6 Int+6}
     2 | D        | Found the +9 heavy crossbow "Sniper" {vorpal, Acc+∞ SInv}
     2 | D        | Found the +10 dark maul {vorpal}
     2 | D        | Found the +15 Maxwell's patent armour {-Cast -Tele rElec
                  | Will+ rCorr}
     2 | D        | Found the +18 shield of the Gong {rElec rN+ Will+ EV-5}
     2 | D        | Found the +14 obsidian axe {vorpal, Drain Fly SInv}
     2 | D        | Found the +7 great mace "Firestarter" {inner flame, rF++}
     2 | D        | Found the +6 shillelagh "Devastator" {shatter}
     2 | D        | Found the +11 plutonium sword {Contam Stlth-}
     2 | D        | Found the +8 lance "Wyrmbane" {slay drac, rPois rF+ rC+
                  | AC+3}
     2 | D        | Found the +9 sword of Zonguldrok {reap}
     2 | D        | Found the +13 scythe of Curses {drain, Drain}
     2 | D        | Found the +5 sword of Power {vorpal}
     2 | D        | Found the +7 mace of Variability {chain chaos}
     2 | D        | Found the +7 Singing Sword {vorpal, sonic wave}
     2 | D        | Found the +8 storm bow {elec, penet}
     3 | D        | Found a transporter.
     3 | D        | Found an ancient bone altar of Kikubaaqudgha.
     3 | D        | Found a viscous altar of Jiyva.
     3 | D        | Found a corrupted altar of Lugonu.
     3 | D        | Found a hazy altar of Hepliaklqana.
     3 | D        | Found a burning altar of Makhleb.
     3 | D        | Found an opulent altar of Gozag.
     6 | D        | Reached skill level 6 in Necromancy
     6 | D        | Reached XP level 2. HP: 21/21 MP: 3/6
    19 | D        | Became a worshipper of Sif Muna the Loreminder
    71 | D        | Learned a level 1 spell: Animate Skeleton
    81 | D        | Entered arena 2.
    81 | D        | Noticed a phantom
    81 | D        | Found a transporter.
    85 | D        | Killed a phantom
    86 | D        | Reached skill level 7 in Necromancy
    86 | D        | Reached XP level 3. HP: 27/27 MP: 6/8
    86 | D        | Reached XP level 4. HP: 33/33 MP: 7/10
    90 | D        | Learned a level 3 spell: Vampiric Draining
    95 | D        | Learned a level 4 spell: Animate Dead
   213 | D        | Entered arena 3.
   213 | D        | Noticed a phantom
   213 | D        | Noticed a necrophage
   213 | D        | Noticed a phantom
   213 | D        | Found a transporter.
   216 | D        | Killed a necrophage
   216 | D        | Reached * piety under Sif Muna
   217 | D        | Reached skill level 5 in Dodging
   217 | D        | Reached skill level 5 in Invocations
   217 | D        | Reached XP level 5. HP: 38/38 MP: 12/12
   217 | D        | Killed a phantom
   218 | D        | Reached skill level 5 in Spellcasting
   218 | D        | Reached skill level 8 in Necromancy
   218 | D        | Reached XP level 6. HP: 45/45 MP: 13/13
   219 | D        | Reached skill level 5 in Fighting
   225 | D        | Learned a level 5 spell: Agony
   255 | D        | Entered arena 4.
   255 | D        | Noticed a tarantella
   255 | D        | Noticed a tarantella
   255 | D        | Noticed a tarantella
   255 | D        | Found a transporter.
   258 | D        | Killed a tarantella
   258 | D        | Reached ** piety under Sif Muna
   259 | D        | Reached skill level 9 in Necromancy
   259 | D        | Reached XP level 7. HP: 36/51 MP: 13/15
   265 | D        | HP: 1/51 [tarantella (4)]
   266 | D        | Slain by a tarantella

Illustrated notes

Levels and vault maps discovered:
D:        sprint_v [room_start, room_1, room_2, room_3, room_4, room_5, room_6,
          room_7, room_8, room_9, room_10, room_11, room_12, room_13, room_14,
          room_15, room_16, room_17, room_18, room_19, room_20, room_21,
          room_22, room_23, room_24, room_25, room_26, room_27]

Skill      XL: |  1  2  3  4  5  6 |
---------------+-------------------+-----
Fighting       | 3 4 5 |  5.9
Dodging        | 3 4 5 6 |  6.2
Spellcasting   | 3 4 5 |  5.8
Necromancy     | 6 7 8 9 |  9.6
Invocations    | 3 5 7 |  7.6
Stealth        | |  2.6

Action                   |  1- 3 |  4- 6 |  7- 9 || total
-------------------------+-------+-------+-------++-------
Melee: Unarmed           |       |       |     1 ||     1
 Cast: Pain              |       |     1 |       ||     1
Evoke: Wand              |     2 |     5 |       ||     7
       Lightning rod     |     2 |     2 |     1 ||     5
  Use: Potion            |     1 |       |     5 ||     6
Armor: Skin              |       |       |     1 ||     1
Dodge: Dodged            |       |       |    11 ||    11

Table legend: (Time is in decaauts)
 A = Elapsed time spent in this place.
 B = Non-inter-level travel time spent in this place.
 C = Inter-level travel time spent in this place.
 D = Time resting spent in this place.
 E = Time spent auto-exploring this place.
 F = Levels seen in this place.
 G = Mean time per level.
                   A        B        C        D        E       F      G
               +--------+--------+--------+--------+--------+-----+--------+
         Total |    265 |    256 |      9 |    139 |     15 |   1 |  265.0 |
       Dungeon |    265 |    256 |      9 |    139 |     15 |   1 |  265.0 |
               +--------+--------+--------+--------+--------+-----+--------+

Top non-repeatable levels by time:
       D: 265 daAuts
